 Dungeon Crawl Stone Soup version 0.21-a0-440-g28109cb (webtiles) character file.

129 sagitran the Charlatan (level 4, 0/24 HPs)
             Began as a Spriggan Artificer on Nov 11, 2017.
             Slain by a goblin
             ... wielding a +0 dagger
             ... led by Robin
              (4 damage)
             ... on level 3 of the Dungeon.
             The game lasted 00:15:48 (4138 turns).

sagitran the Charlatan (Spriggan Artificer)         Turns: 4138, Time: 00:15:48

Health: 0/24       AC:  2    Str:  8    XL:     4   Next: 88%
Magic:  9/9        EV: 19    Int: 12    God:
Gold:   126        SH:  0    Dex: 17    Spells: 3/3 levels left

rFire    . . .     SeeInvis +   a - +1 short sword
rCold    . . .     Gourm    .   (shield restricted)
rNeg     . . .     Faith    .   b - +0 robe
rPois    .         Spirit   .   (helmet restricted)
rElec    .         Reflect  .   (no cloak)
rCorr    .         Harm     .   (gloves unavailable)
MR       .....                  (boots unavailable)
Stlth    +.........             (no amulet)
HPRegen  0.08/turn              (no ring)
MPRegen  0.11/turn              (no ring)

@: confused, very quick
A: unfitting armour, see invisible, herbivore 3, speed 3, robust 1, slow
metabolism 2, wild magic 1
a: no special abilities


You were on level 3 of the Dungeon.
You were not hungry.

You visited 1 branch of the dungeon, and saw 4 of its levels.

You collected 126 gold pieces.

Inventory:

Hand Weapons
 a - a +1 short sword (weapon)
 q - a +2 dagger of distortion
Armour
 b - a +0 robe (worn)
 i - a +0 buckler
Wands
 c - a wand of flame (0/48)
 d - a wand of enslavement (14/24)
 e - a wand of random effects (26/48)
Scrolls
 g - 3 scrolls of remove curse
 h - 2 scrolls of fear
 j - 2 scrolls of teleportation
Comestibles
 f - 2 bread rations
 l - 3 fruits


   Skills:
 + Level 1.3 Fighting
 + Level 2.5 Short Blades
 + Level 3.7 Dodging
 + Level 3.0 Stealth
 + Level 5.8 Evocations


You had 3 spell levels left.
You didn't know any spells.

Dungeon Overview and Level Annotations

Branches:
Dungeon (4/15)
 Temple: D:4-7

Altars:
The Shining One

Annotations:
D:3 Ijyb, Robin


Innate Abilities, Weirdness & Mutations

You are very small and have problems with some larger weapons.
You are too small for most types of armour.
You have supernaturally acute eyesight. (SInv)
You are a herbivore.
You cover ground extremely quickly.
You need consume almost no food.
You are robust. (+10% HP)
Your spells are a little harder to cast, but a little more powerful.


Message History

You kill the kobold!
The goblin barely misses you. The goblin hits you with a dagger.
The kobold hits you but does no damage.
Things that are here:
a dagger; a club; a kobold corpse The kobold closely misses you.
You hit the kobold but do no damage. The goblin hits you with a dagger.
You closely miss the kobold. The kobold closely misses you.
The goblin misses you. The goblin closely misses you.
You hit the kobold.
The kobold is moderately wounded.
The goblin hits you.
* * * LOW HITPOINT WARNING * * *
The kobold barely misses you. The goblin hits you with a dagger.
* * * LOW HITPOINT WARNING * * *
You are confused.
You feel invigorated. The goblin hits you.
* * * LOW HITPOINT WARNING * * *
The kobold completely misses you. The goblin hits you with a dagger.
You die...

##'#.#'###
#....#.# ##
...#.#h# #..g...#
..<#†#.# #......##
...#.#.###
#.......#
.........#
######..#
.........# #####
#..########
.........#####.).#
##.........
.......r.......Kg#
#.........
.........####.#g@#
#.........
.....####.....#..#
##........
..........#####..#
#........
..........# ..##
#........
..........# #..#
##.......
..........# #..#
#..#####
..........# #..#
##..# #########.#
#.. #..####
#########.####
##.##..


You could see 2 goblins and a kobold.

Vanquished Creatures
  Natasha (D:3)
  3 adders
  An ooze (D:2)
  2 worms
  A dart slug (D:3)
  2 leopard geckos (D:3)
  An orc (D:3)
  A ball python (D:3)
  2 giant cockroaches (D:3)
  8 goblins
  11 hobgoblins
  10 kobolds
  A quokka (D:2)
  8 bats
  3 frilled lizards
  6 rats
61 creatures vanquished.

Notes
Turn   | Place    | Note
-------+----------+-------------------------------------------
     0 | D:1      | sagitran the Spriggan Artificer began the quest for the Orb.
     0 | D:1      | Reached XP level 1. HP: 9/9 MP: 4/4
   125 | D:1      | Gained mutation: You are robust. (+10% HP) [potion of mutation]
   125 | D:1      | Gained mutation: Your spells are a little harder to cast, but a little more powerful. [potion of mutation]
   539 | D:1      | Reached XP level 2. HP: 13/15 MP: 6/6
   995 | D:1      | Reached skill level 5 in Evocations
  1154 | D:2      | Reached XP level 3. HP: 12/18 MP: 7/7
  1355 | D:2      | Found a glowing golden altar of the Shining One.
  1517 | D:2      | Reached skill level 1 in Fighting
  2392 | D:3      | Noticed Natasha
  2665 | D:3      | Reached XP level 4. HP: 19/24 MP: 9/9
  2720 | D:3      | Noticed Ijyb
  3075 | D:3      | Killed Natasha
  3079 | D:3      | Noticed Robin
  3281 | D:3      | HP: 1/24 [Ijyb/wand of flame (?/48) (6)]
  3601 | D:3      | Found a faded altar of an unknown god.
  4138 | D:3      | Slain by a goblin

Vault maps used:
D:1:      evilmike_arrival_run_for_it
D:2:      cheibrodos_helix_gallery, tso_altar
D:3:      cheibrodos_thug_alley, chequers_ecumenical_altar_island, uniq_natasha,
          uniq_robin, uniq_ijyb
D:4:      minmay_door_square, uniq_pikel, uniq_sigmund

Skill      XL: |  1  2  3  4 |
---------------+-------------+-----
Evocations     | 5 |  5.8
Fighting       | 1 |  1.3
Stealth        | 2 3 |  3.0
Short Blades   | 2 |  2.5
Dodging        | |  3.7

Action                   |  1- 3 |  4- 6 || total
-------------------------+-------+-------++-------
Melee: Short sword       |   119 |    88 ||   207
Evoke: Wand              |    24 |     7 ||    31
  Use: Potion            |     2 |     4 ||     6
       Scroll            |     5 |     6 ||    11
 Stab: Sleeping          |     6 |     2 ||     8
       Paralysed         |     3 |       ||     3
  Eat: Royal jelly       |       |     1 ||     1
Armor: Robe              |    13 |    16 ||    29
       Skin              |       |     2 ||     2
Dodge: Dodged            |   106 |    96 ||   202

Table legend:
 A = Spawn XP
 B = Non-spawn XP
 C = Spawn XP percentage of total XP
 D = Spawn monster count
 E = Non-spawn monster count
 F = Spawn count percentage of total count
 G = Total turns spent on level
                    A         B        C        D         E        F      G
               +---------+---------+-------+---------+---------+-------+---------
         Total |       0 |     185 |   0.0 |       0 |      61 |   0.0 |  4138
               +---------+---------+-------+---------+---------+-------+---------
           D:1 |       0 |      26 |   0.0 |       0 |      13 |   0.0 |  1039
           D:2 |       0 |      56 |   0.0 |       0 |      15 |   0.0 |  1412
           D:3 |       0 |     101 |   0.0 |       0 |      32 |   0.0 |  1361
           D:4 |       0 |       2 |   0.0 |       0 |       1 |   0.0 |   326
               +---------+---------+-------+---------+---------+-------+---------
